 Dungeon Crawl Stone Soup version 0.31-a0-193-gdfe2569204 (webtiles) character file.

Game seed: 8943108217043040464

87 qw the Shooter (level 4, -2/25 HPs)
             Began as a Deep Elf Hunter on June 24, 2023.
             Slain by a cerulean imp
             ... wielding a +1 spear
             ... summoned by Natasha
              (3 damage)
             ... on level 2 of the Dungeon.
             The game lasted 00:00:38 (1462 turns).

qw the Shooter (Deep Elf Hunter)                    Turns: 1462, Time: 00:00:39

Health: -2/25      AC:  3    Str: 10    XL:     4   Next: 28%
Magic:  6/6        EV: 12    Int: 14    God:
Gold:   109        SH:  0    Dex: 18    Spells: 3/3 levels left

rFire   . . .        Y - +0 shortbow
rCold   + . .        (shield currently unavailable)
rNeg    . . .        c - +0 leather armour
rPois   .            (no helmet)
rElec   .            (no cloak)
rCorr   .            (no gloves)
SInv    .            (no boots)
Will    .....        (no amulet)
Stlth   ++           f - ring of protection from cold
HPRegen 0.24/turn    (no ring)
MPRegen 0.10/turn

%: no passive effects
@: no status effects
A: no striking features
a: no special abilities


You were on level 2 of the Dungeon.
You visited 1 branch of the dungeon, and saw 2 of its levels.

You collected 109 gold pieces.


   Skills:
 - Level 1.5 Fighting
 + Level 7.7 Ranged Weapons
 - Level 2.4 Dodging
 - Level 1.2 Stealth


You had 3 spell levels left.
You didn't know any spells.
Your spell library was empty.

Inventory:

Hand Weapons
 Y - a +0 shortbow (weapon)
Armour
 c - a +0 leather armour (worn)
Jewellery
 f - a ring of protection from cold (left hand)
Scrolls
 d - a scroll of fog {unknown}
 e - a scroll of noise {unknown}
 h - a scroll of identify
Potions
 a - 2 potions of degeneration {unknown}
 b - a potion of mutation {unknown}
 g - a potion of heal wounds {unknown}

Dungeon Overview and Level Annotations

Branches:
Dungeon (2/15)

Altars:
The Shining One

Shops:
D:2 :

Annotations:
D:2 Natasha


Message History

Natasha wildly gestures.
You feel troubled.
Natasha casts a spell.
1452 ||| Stepping ~*~*~tactically~*~*~ (outnumbered).
You shoot an arrow. The arrow completely misses Natasha.
You shoot an arrow. The arrow hits the cerulean imp.
The cerulean imp is lightly wounded.
The cerulean imp hits you from afar with a +1 spear.
You shoot an arrow.
The arrow barely misses the cerulean imp.
Natasha growls.
The cerulean imp hits you from afar with a +1 spear.
You shoot an arrow. The arrow hits the cerulean imp.
The cerulean imp is moderately wounded.
Natasha mumbles some strange words.
The cerulean imp hits you from afar with a +1 spear.
1457 ||| Stepping ~*~*~tactically~*~*~ (outnumbered).
The cerulean imp barely misses you.
Enter note:
Enter note:
Enter note:
Enter note:
Enter note:
Enter note: You shoot an arrow.
The arrow hits the cerulean imp.
The cerulean imp is severely wounded.
The cerulean imp hits you from afar with a +1 spear.
You shoot an arrow.
The arrow barely misses the cerulean imp.
The cerulean imp hits you from afar with a +1 spear.
You shoot an arrow.
The arrow closely misses the cerulean imp.
The cerulean imp hits you from afar with a +1 spear.
You shoot an arrow.
The arrow barely misses the cerulean imp.
The cerulean imp misses you.
You shoot an arrow. The arrow hits the cerulean imp.
The cerulean imp is severely wounded.
The cerulean imp hits you from afar with a +1 spear.
You die...

#.......#.......#..
#.......#.......#.#
#.......#..(....#.#
##..)..###.....##.#
##...## ##...###.#
#+#######%#######)##...#
.....................#<.
.......................#
.......@................
#+#######5#######%###...
.?.# ##...##...
5....###.....##..
.w.%...#.......#..
#.......#.......#..
#...[..$#...:...#..
##.....###.....###.
##...## #.


You could see a cerulean imp (summoned).

Vanquished Creatures
  4 adders (D:2)
  2 dart slugs (D:1)
  2 bats (D:1)
  5 endoplasms
  A giant cockroach (D:1)
  4 hobgoblins
  2 quokkas
  7 ball pythons
  6 frilled lizards (D:1)
  4 goblins
  4 kobolds (D:1)
  7 rats
48 creatures vanquished.

Notes
Turn   | Place    | Note
-------+----------+-------------------------------------------
     0 | D:1      | qw the Deep Elf Hunter began the quest for the Orb.
     0 | D:1      | Reached XP level 1. HP: 12/12 MP: 3/3
     0 | D:1      | 0 ||| qw: Version: 0.3-a-9-g12657ce
     0 | D:1      | 0 ||| qw: Game counter: 4700
     0 | D:1      | 0 ||| qw: Always use a shield: true
     0 | D:1      | 0 ||| qw: God list: Okawaru
     0 | D:1      | 0 ||| qw: Allow faded altars: false
     0 | D:1      | 0 ||| qw: Do Orc after D:15 true
     0 | D:1      | 0 ||| qw: Do second Lair branch before Depths: true
     0 | D:1      | 0 ||| qw: Lair rune preference: random
     0 | D:1      | 0 ||| qw: Plans: Normal
     0 | D:1      | 0 ||| PLANNING D:1-11
   146 | D:1      | Reached skill level 6 in Ranged Weapons
   146 | D:1      | Reached XP level 2. HP: 16/16 MP: 4/4
   378 | D:1      | HP: 4/16 [frilled lizard (2)]
   384 | D:1      | HP: 4/16 [frilled lizard (1)]
   488 | D:1      | Reached XP level 3. HP: 20/20 MP: 5/5
   946 | D:1      | 946 ||| UPGRADING to ring of protection from cold.
   947 | D:1      | 947 ||| READING scroll labelled LOULOEKHUX.
   950 | D:1      | 950 ||| READING scroll labelled BIFRENL ICLA.
   951 | D:1      | 951 ||| DROPPING scroll of butterflies.
   959 | D:2      | Found a glowing golden altar of the Shining One.
  1072 | D:2      | Found Migeomext's Book Shoppe.
  1086 | D:2      | Reached skill level 7 in Ranged Weapons
  1197 | D:2      | HP: 5/20 [poisoned by an adder]
  1199 | D:2      | Reached XP level 4. HP: 4/25 MP: 6/6
  1201 | D:2      | HP: 2/25 [poisoned by an adder]
  1447 | D:2      | Noticed Natasha
  1452 | D:2      | 1452 ||| Stepping ~*~*~tactically~*~*~ (outnumbered).
  1457 | D:2      | 1457 ||| Stepping ~*~*~tactically~*~*~ (outnumbered).
  1458 | D:2      | HP: 5/25 [cerulean imp/+1 spear[Natasha] (4)]
  1460 | D:2      | HP: 1/25 [cerulean imp/+1 spear[Natasha] (4)]
  1462 | D:2      | Slain by a cerulean imp

Levels and vault maps discovered:
D:1:      wander_arrival_lonely_grave, layout_loops_corners,
          minmay_misc_feat_rugged, minmay_lizard_king
D:2:      kennysheep_six_static_rooms, layout_basic, basic_altar, serial_shops,
          nicolae_shop_just_a_little_nook, uniq_natasha

Skill      XL: |  1  2  3 |
---------------+----------+-----
Ranged Weapons | 6 7 |  7.7
Fighting       | |  1.5
Dodging        | |  2.4
Stealth        | |  1.2

Action                     |  1- 3 |  4- 6 || total
---------------------------+-------+-------++-------
   Fire: Shortbow          |   129 |    45 ||   174
    Use: Scroll            |     2 |       ||     2
 Armour: Leather armour    |    13 |     3 ||    16
  Dodge: Dodged            |    37 |    21 ||    58

Table legend:
 A = Non-vault XP
 B = Vault XP
 C = Vault XP percentage of total XP
 D = Non-vault monster count
 E = Vault monster count
 F = Vault count percentage of total count
                 A         B        C        D         E       F
            +---------+---------+-------+---------+---------+-------
      Total |     102 |      23 |  18.4 |      39 |       9 |  18.8
            +---------+---------+-------+---------+---------+-------
        D:1 |      51 |       5 |   8.9 |      30 |       5 |  14.3
        D:2 |      51 |      18 |  26.1 |       9 |       4 |  30.8
            +---------+---------+-------+---------+---------+-------
